[Event "67th Mexican-ch Open 2022"]
[Site "Chihuahua"]
[Date "2022.04.14"]
[Round "3.12"]
[White "Figueredo Losada, Leonel"]
[Black "Avila Bautista, Roberto Al"]
[Result "1-0"]
[ECO "B23"]
[WhiteElo "2342"]
[BlackElo "2090"]
[Annotator "TA"]
[PlyCount "135"]
[EventDate "2022.04.12"]
[EventType "swiss"]
[EventCountry "MEX"]
[SourceTitle "playchess.com"]
[Source "ChessBase"]
[SourceQuality "1"]
[TimeControl "5400+30"]

1. e4 c5 2. Nc3 g6 3. d4 cxd4 4. Qxd4 Nf6 5. Be3 Bg7 6. f3 {[%emt 0:02:35] B23: Closed Sicilian: Lines without g3.} Nc6 7. Qd2 O-O 8. Nge2 $1 {[%emt 1:30:15][%mdl 4] White is slightly better. is now more promising than 8.0-0-0.} d6 9. h4 {[%emt 0:00:00][%cal Oh4h5] [#]} h5 $146 ({Predecessor:} 9... Ne5 10. Nf4 h5 11. O-O-O Bd7 12. Nfd5 Rc8 13. Bg5 Kh7 14. f4 Nc4 15. Bxc4 Rxc4 16. Bxf6 exf6 {1-0 (50) Vishnu,P (2476)-Buscar,M (2088) Chess.com INT 2022}) 10. O-O-O Qa5 11. Kb1 b5 12. Bh6 Ne5 (12... Be6 $11) 13. Nd5 $16 Qd8 (13... Qxd2 $16 14. Nxe7+ (14. Bxd2 Nxd5 15. exd5 a6 $11) 14... Kh7 15. Bxd2 (15. Rxd2 $2 {is the wrong capture.} Bxh6 16. Rxd6 Be6 $19) 15... Bb7) 14. Bxg7 Kxg7 15. Nxf6 exf6 16. Nf4 a6 17. Be2 Be6 18. Qxd6 Qc8 19. Qe7 {[%emt 0:00:00] Hoping for Rd6.} Re8 20. Nxe6+ Qxe6 21. Qxe6 Rxe6 22. Rd5 Rc8 23. Rhd1 Nc4 (23... f5 $16 {keeps fighting.}) 24. Bxc4 $18 Rxc4 {[%emt 0:00:02][%mdl 4096] Endgame KRR-KRR} 25. Rd6 ({White should play} 25. R1d2 $18) 25... Rc6 (25... g5 $16) 26. Rxc6 $1 Rxc6 {[%emt 0:00:03] KR-KR} 27. b3 Kf8 28. Kb2 Ke7 29. c4 Ke6 (29... bxc4 {was worth a try.} 30. Rc1 f5) 30. cxb5 axb5 31. Rd5 Rb6 {[%emt 0:00:13] [#]} 32. Rc5 $1 Kd6 {[%emt 0:00:40] [#]} (32... b4 {was called for.} 33. a4 bxa3+ 34. Kxa3 Ra6+ 35. Kb2 Kd6) 33. b4 $1 Rb8 34. Kb3 Rb7 35. a4 bxa4+ 36. Kxa4 Ra7+ 37. Kb3 Ra1 38. Rc2 Rb1+ 39. Ka4 g5 40. Rc5 (40. b5 $142) 40... Rb2 41. hxg5 Rxg2 42. gxf6 Rf2 $2 (42... h4 43. Rh5 Rh2) 43. Rxh5 Rxf3 44. Ra5 (44. Rc5 $142 Ke6 45. e5) 44... Kc6 45. e5 (45. Ra7 $142 Re3 46. Rxf7 Rxe4 47. Ka5 Re5+ 48. Ka6) 45... Kb6 46. Rd5 {[%emt 0:00:00] b5 would kill now.} Re3 47. Rc5 (47. b5 $142 Re4+ 48. Kb3 Ka5 49. Rd7 Rxe5 50. Kc4 Kb6 51. Rxf7 Rf5 52. Rf8) 47... Re4 48. Kb3 Kb7 49. b5 Kb6 50. Rd5 {[%emt 0:00:00] Threatening mate with Kc2.} Ka5 51. Kc3 Kb6 52. Kd3 Re1 53. Kd4 Re2 54. Kc4 {[%emt 0:00:00] Intending Rd7 and mate.} Re4+ 55. Rd4 $2 (55. Kc3 $18 {Strongly threatening Rd7.} Re3+ 56. Kd4) 55... Rxe5 $11 56. Rd7 Rc5+ $2 (56... Rxb5 $11 57. Rxf7 Kc6) 57. Kd4 {[%emt 0:00:14] White mates.} Rxb5 58. Rxf7 Rf5 59. Ke4 Rf1 60. Ke5 Kc6 61. Ra7 Re1+ 62. Kf5 Kd6 63. Kg6 Rg1+ 64. Kf7 Rg2 65. Kf8 Ke6 66. f7 Rb2 67. Ra6+ Kd7 68. Kg7 {[%emt 0:00:29] Weighted Error Value: White=0.13 (very precise) /Black=0.76} 1-0

[Event "67th Mexican-ch Open 2022"]
[Site "Chihuahua"]
[Date "2022.04.14"]
[Round "3.13"]
[White "Diaz Villagran, Robert"]
[Black "Paredes Guzman, Francisco Javier"]
[Result "1-0"]
[ECO "B22"]
[WhiteElo "2318"]
[BlackElo "1891"]
[Annotator "TA"]
[PlyCount "105"]
[EventDate "2022.04.12"]
[EventType "swiss"]
[EventCountry "MEX"]
[SourceTitle "playchess.com"]
[Source "ChessBase"]
[SourceQuality "1"]
[TimeControl "5400+30"]

1. e4 c5 2. c3 d5 3. exd5 Qxd5 4. d4 Nf6 5. Nf3 Bg4 6. Nbd2 Nc6 7. dxc5 {[%emt 0:00:00] B22: Sicilian: 2 c3.} e5 {[%emt 0:32:26] Hoping for ...e4.} 8. Bc4 Qd7 9. Qe2 {[%emt 0:00:00] Prevents e4. White has an edge.} O-O-O 10. h3 Bh5 {[%emt 0:03:47][%cal Oe5e4] Strongly threatening ...e4!} 11. g4 Bg6 {[%emt 0:00:33] [#]} 12. Nb3 $146 (12. Nxe5 $2 Nxe5 13. Bb5 (13. Qxe5 $2 Re8 $19) 13... Qd5 $19) ({Predecessor:} 12. b4 Nd5 13. b5 Nf4 14. Qf1 Na5 15. c6 bxc6 16. bxc6 Qxc6 17. Ba6+ Kc7 18. Qb5 Nd3+ 19. Kf1 Qxc3 20. Nc4 Bb4 21. Rb1 Qc2 {0-1 (21) Drobotov,G (1700)-Turner,L (1609) LSS email 2008}) 12... h5 13. Ng5 $2 (13. g5 $11 Nd5 14. Nh4 (14. Nxe5 $2 Nxe5 15. Bb5 Qf5 $19)) 13... hxg4 $19 14. Be3 Ne4 $2 ({Better is} 14... gxh3 $19 {And now ...Rh4 would win.} 15. f3 Rh5) 15. Nxf7 $11 Bxf7 16. Bxf7 Nxc3 17. bxc3 Qxf7 18. Qxg4+ Kb8 19. Ke2 Be7 {[%emt 0:01:36] aiming for ...Rh4.} (19... Qd5 20. Rhd1 Qf7 21. Na5 $1 $16) 20. h4 $1 Qg8 21. Qe4 Rh5 22. Nd2 Qe6 23. Nf3 Rf5 24. Rhg1 Rdf8 25. Nd2 Qf7 26. Rg2 Qh5+ 27. Qg4 Qh7 (27... Qxh4 28. Qxh4 Bxh4 29. Rxg7 $16) 28. Rb1 Qg8 ({Weaker is} 28... Qxh4 29. Qxh4 Bxh4 30. Rxg7 $16) ({Less strong is} 28... Bxh4 29. Qg6 (29. Qxg7 Qh5+ 30. Qg4 Be7 $16) 29... Qxg6 30. Rxg6 $16) (28... Ka8 $14) 29. Qc4 $18 R8f7 30. Qa6 {[%emt 0:00:56] The board is on fire.} ({White should try} 30. Qb3 $18 Qc8 31. Rg6) 30... Qc8 $16 31. Ne4 Ka8 {[%emt 0:00:42] [#]} (31... Bxh4 $2 32. Nd6 R5f6 33. Nxc8 $18) (31... Rf3 $16) 32. Qc4 $1 $18 Bf8 (32... Bxh4 $2 33. Nd6 Qh8 34. Nxf5 Rxf5 35. Rh1 Qh5+ 36. Qg4 Qxg4+ 37. Rxg4 $18) 33. Rg6 Rd7 34. Rd1 {[%emt 0:00:37] Active counter play!} Rxd1 35. Kxd1 Qd7+ (35... Qe8 {was called for.} 36. Qe6 Qxe6 37. Rxe6 Kb8) 36. Ke2 Rf7 37. Qe6 Qxe6 38. Rxe6 Re7 {[%emt 0:00:20] Against Re8+} (38... Kb8 39. Ng5 Rc7) 39. Rxe7 Bxe7 {[%emt 0:00:02][%mdl 4096] Endgame KBN-KBN} 40. h5 {[%emt 0:00:05] White is clearly winning.} Kb8 41. Kf3 Kc7 42. Kg4 Kd7 43. Kf5 Bf8 44. Bg5 b6 45. cxb6 axb6 46. a4 Na5 47. Nd2 {[%emt 0:02:23] Inhibits Nc4.} Nb7 48. Be3 Nd6+ 49. Kxe5 Be7 50. Kd5 Nc8 51. Nc4 Kc7 52. Bd4 Bf8 53. Ke6 {[%emt 0:00:02] Quite a comeback for White.  Weighted Error Value: White=0.12 (very precise) /Black=0.31} 1-0

[Event "67th Mexican-ch Open 2022"]
[Site "Chihuahua"]
[Date "2022.04.14"]
[Round "3.14"]
[White "Amezcua Luria, Jesus"]
[Black "Morales Garcia, Sergio Joshafatt"]
[Result "0-1"]
[ECO "D46"]
[WhiteElo "2001"]
[BlackElo "2246"]
[Annotator "TA"]
[PlyCount "108"]
[EventDate "2022.04.12"]
[EventType "swiss"]
[EventCountry "MEX"]
[SourceTitle "playchess.com"]
[Source "ChessBase"]
[SourceQuality "1"]
[TimeControl "5400+30"]

1. d4 d5 2. c4 c6 3. Nf3 Nf6 4. Nc3 e6 5. e3 Nbd7 6. Qc2 Bd6 7. Bd3 dxc4 8. Bxc4 O-O 9. O-O Qe7 10. e4 e5 11. Be3 b5 {[%emt 0:15:16] D46: Semi-Slav: 5 e3 Nbd7 6 Bd3, Black avoids the Meran.} 12. Bd3 {[%emt 0:02:41] [#]} b4 $146 ({Better is} 12... Ng4 $11) ({Predecessor:} 12... h6 13. Ne2 Bb7 14. Ng3 Ng4 15. Nf5 Qf6 16. Nxd6 Qxd6 17. Rad1 Rad8 18. h3 Nxe3 19. fxe3 {0-1 (42) Keymer,V (2588)-Bazeev,G (2398) Tornelo INT 2020}) 13. Ne2 $14 Bb7 {[%emt 0:16:22] White is slightly better.} 14. Ng3 g6 {[%emt 0:00:36] Against Nf5} 15. Rae1 Ng4 16. Bg5 f6 17. Bc4+ Kh8 18. Bc1 exd4 19. Nxd4 Bxg3 20. hxg3 Qc5 {[%emt 0:02:27] [#]} (20... Nge5 $11 {keeps the balance.}) 21. Be6 $1 {[%emt 0:09:27] This bishop pair is nice.} Qh5 (21... Nge5 22. Bxd7) 22. Bxg4 $18 Qxg4 23. Bf4 (23. Nxc6 $2 Rfc8 24. Qd1 Qxd1 25. Rxd1 Bxc6 $19) 23... Qh5 24. Rd1 (24. Nxc6 $2 Rfc8 25. Rc1 Bxc6 $19) (24. Bd6 $6 Rfe8 $16) 24... Rf7 25. Qc4 (25. Nxc6 $6 Kg8 $16) 25... g5 {[%emt 0:00:19] [#]} 26. g4 $1 Qg6 27. Bg3 (27. Qxb4 Ba6 28. Bd6 Bxf1 29. Rxf1 c5 30. Bxc5 Rb8 $17) 27... Nb6 28. Qe6 (28. Qxb4 Qxe4 29. f3 Qe3+ 30. Bf2 Nd5 $18) ({White should play} 28. Qe2 $18) 28... Rff8 (28... Bc8 $16 {might work better.} 29. Qe8+ (29. Qxc6 Bxg4 30. f3 Bd7 $16) 29... Qg8 30. Qxg8+ (30. Qxc6 Bxg4 31. f3 Bd7 $16) 30... Kxg8) 29. Rfe1 {[%emt 0:04:25] Strongly threatening Qd6.} (29. Nxc6 Rae8 30. Ne7 Qg7 $15) 29... Rae8 $2 (29... Bc8 30. Qxc6 Bxg4) 30. Qd6 Qf7 31. Qxb4 Qxa2 $2 (31... Rxe4 {is more resistant.} 32. Rxe4 c5 33. Qxc5 Bxe4) 32. Nf5 Qc4 33. Qa3 Qa4 34. Qd6 Bc8 35. e5 Qxg4 {[%emt 0:00:49] [#]} 36. Ne7 (36. exf6 $142 $1 Qd4 (36... Nd5 37. f7) 37. Qxd4 c5 {[#]} 38. Rxe8 $1 h5 39. Qd2 Bxf5 40. Qxg5 Bg6 41. Qxg6 Rxe8 42. Qg7#) 36... Nc4 37. Qc5 f5 38. Nxc6 $2 ({Only move:} 38. e6 $18 Kg7 39. Nxc8) 38... f4 $11 39. Bh2 f3 ({Don't take} 39... Nxb2 40. Rd2 (40. f3 $2 Qh4 $19) 40... f3 41. Bg3 $16) 40. Bg3 fxg2 (40... Nxb2 $2 41. Rd2 Na4 42. Qxa7 $18) (40... Be6 $1 $11 41. b3 Nb6) 41. Kxg2 $2 (41. e6 $1 $16 {[%cal Re6e7] is necessary to keep the advantage. Threatens to win with e7.} Bxe6 42. b3) 41... Qf3+ $40 {[%emt 0:00:25][%mdl 128] White is in trouble.} (41... Nxb2 42. Rd6 Bb7 43. Qc3 $11) (41... Bb7 $142 42. Kg1 Rf3) 42. Kh2 $2 (42. Kg1 {was the only chance.} Bb7 43. Rd5) 42... Re6 $19 {[%emt 0:00:51] ( -> ...Rh6+)} ({Worse is} 42... Bb7 43. Qxc4 Bxc6 44. Qf1 $19) 43. Qxf8+ (43. Kg1 $142 Rxc6 44. Qd5) 43... Qxf8 44. Rd8 Re8 {[%emt 0:00:23] And now ...Bb7 would win.} 45. Red1 Kg7 {[%emt 0:00:26][%cal Of8f3] White must now prevent ...Qf3!} 46. R8d4 Be6 47. b3 Nb6 48. R1d3 h5 49. f3 Qf5 50. Kg1 Rc8 51. Rd6 {[%emt 0:00:26] [#]} Rxc6 $1 {[%emt 0:00:24] Black mates.} 52. Rxc6 Qxd3 53. Rxe6 Qxf3 54. Kh2 h4 {[%emt 0:00:06] Weighted Error Value: White=1.08/Black=0.81} 0-1

[Event "67th Mexican-ch Open 2022"]
[Site "Chihuahua"]
[Date "2022.04.14"]
[Round "3.15"]
[White "Obregon Rivero, Juan Carlos"]
[Black "Martinez Martinez, Ian Alf"]
[Result "1-0"]
[ECO "D11"]
[WhiteElo "2536"]
[BlackElo "1821"]
[Annotator "TA"]
[PlyCount "65"]
[EventDate "2022.04.12"]
[EventType "swiss"]
[EventCountry "MEX"]
[SourceTitle "playchess.com"]
[Source "ChessBase"]
[SourceQuality "1"]
[TimeControl "5400+30"]

1. d4 d5 2. c4 c6 3. Nf3 Nf6 4. e3 Bg4 5. h3 Bh5 6. Nc3 e6 7. Qb3 {[%emt 0:00:13] D11: Slav Defence: 3 Nf3 sidelines and 3...Nf6 4 e3 Bg4.} Qb6 8. c5 {[%emt 0:00:18] 8.Nh4 is setting a new trend.} Qc7 9. g4 {[%emt 0:00:11] The position is equal.} Bg6 10. Ne5 Nbd7 11. Nxg6 hxg6 12. Bg2 Be7 13. g5 $36 {[%emt 0:02:55][%mdl 2048] White is more active.} Nh5 14. h4 {[%emt 0:00:01] [#]} Rb8 $146 ({Predecessor:} 14... b6 15. cxb6 axb6 16. Bd2 O-O 17. Rc1 Qd6 18. a3 e5 19. Ne2 Rae8 20. Bh3 f5 21. gxf6 Bxf6 {1-0 (58) Ziegler,A (2393)-Ingbrandt,J (2445) Sweden 2002}) 15. Bd2 b6 16. cxb6 Rxb6 ({Better is} 16... Nxb6 $11 17. Qc2 Nc4) 17. Qc2 $14 c5 18. Na4 Rc6 {[%emt 0:00:09] [#] Hoping for ...cxd4.} 19. Rc1 Ng3 $2 {[%emt 0:04:34] This costs Black the game.} 20. fxg3 $18 Qxg3+ 21. Kf1 Rxh4 22. Rxh4 (22. Nxc5 Rxh1+ 23. Bxh1 Nxc5 $18) 22... Qxh4 23. Qb3 {[%emt 0:01:19] [#] And now Qb7 would win.} ({Don't play} 23. Nxc5 Bxc5 24. Qa4 (24. dxc5 Rxc5 25. Qd1 Qxg5 $18) 24... Rc7) ({Not} 23. dxc5 Ne5 24. Be1 Qxg5 $16) 23... Qg3 24. Qb7 Nb8 25. Nxc5 {[%emt 0:04:53] Black must now prevent e4.} Bxg5 26. Nd3 Rxc1+ 27. Nxc1 (27. Bxc1 Nd7 28. Qc6 (28. Qxa7 Bxe3 29. Qa4 Ke7 $16) 28... Ke7 $18) 27... Nd7 28. Qc8+ (28. Qxa7 $142 {Nd3 is the strong threat.} Ke7 29. Qa3+ Ke8 30. Qa8+ Qb8 31. Qxb8+ Nxb8 32. a4) 28... Ke7 $2 (28... Bd8 29. e4 Qh4) 29. Bb4+ {[%emt 0:00:39] White is clearly winning.} Kf6 30. Qxd7 Bxe3 31. Qe7+ Kf5 32. Qxf7+ Kg5 33. Ne2 {[%emt 0:00:25] Weighted Error Value: White=0.21 (precise) /Black=0.52} 1-0

[Event "67th Mexican-ch Open 2022"]
[Site "Chihuahua"]
[Date "2022.04.14"]
[Round "3.16"]
[White "Rivera Garcia, David Moises"]
[Black "Torres Rosas, Luis Carlos"]
[Result "0-1"]
[ECO "B94"]
[WhiteElo "1780"]
[BlackElo "2356"]
[Annotator "TA"]
[PlyCount "68"]
[EventDate "2022.04.12"]
[EventType "swiss"]
[EventCountry "MEX"]
[SourceTitle "playchess.com"]
[Source "ChessBase"]
[SourceQuality "1"]
[TimeControl "5400+30"]

1. e4 c5 2. Nf3 d6 3. d4 cxd4 4. Nxd4 Nf6 5. Nc3 a6 6. Bg5 Nbd7 7. Qd2 {[%emt 0:03:28] 7.Qe2 is a critical line.} b5 8. f3 {[%emt 0:02:43] B94: Sicilian Najdorf: 6 Bg5 Nbd7.} e6 9. O-O-O Bb7 10. g3 {[%emt 0:07:34] [#] The position is equal.} Be7 $146 ({Predecessor:} 10... h6 11. Be3 b4 12. Nce2 d5 13. exd5 Nxd5 14. Kb1 Bc5 15. Bg1 Qb6 16. Nb3 Bxg1 17. Nxg1 {0-1 (32) Sadiki,N (2188)-Ermenkov,E (2423) Struga 2013}) 11. Bg2 Rc8 12. a3 (12. Kb1 $15) 12... Ne5 13. f4 Nc4 14. Qe2 Qc7 {[%emt 0:05:07] Strongly threatening ...h6.} 15. Nb1 O-O 16. g4 (16. Rhe1 $142) 16... Rfe8 (16... h6 $142 17. Bh4 d5) 17. Bxf6 (17. h4 $17) 17... Bxf6 $19 ({Worse is} 17... gxf6 18. Qf2) 18. g5 Bxd4 19. Rxd4 e5 20. fxe5 Rxe5 $40 {[%emt 0:03:22][%mdl 128] White is in trouble.} 21. b3 $2 {[%emt 0:03:46] This costs White the game.} (21. h4 $17 {keeps fighting.}) 21... Ne3 22. c4 {[%emt 0:01:08] [#]} (22. c3 Nf5 23. Rd2) 22... bxc4 $1 23. b4 Nxg2 24. Qxg2 c3 25. Kc2 (25. Qf3 $142) 25... Qe7 26. Re1 Qe6 {[%emt 0:03:55] ( -> ...Qa2+)} 27. Re2 {[%emt 0:01:20] [#]} Rxg5 $3 28. Qxg5 Qa2+ {[%emt 0:00:02][%mdl 64] Skewer} 29. Kc1 Qxe2 {[%emt 0:00:40] Black mates.} 30. Rxd6 Qb2+ 31. Kd1 c2+ 32. Ke2 cxb1=Q+ 33. Kf3 Qxe4+ 34. Kg3 Qbg2# {[%emt 0:00:07] Weighted Error Value: White=0.95/Black=0.14 (very precise)} 0-1

[Event "67th Mexican-ch Open 2022"]
[Site "Chihuahua"]
[Date "2022.04.14"]
[Round "3.17"]
[White "Pena Davalos, David"]
[Black "Garcia Guerrero, Isaac Antonio"]
[Result "0-1"]
[ECO "A37"]
[WhiteElo "1761"]
[BlackElo "2338"]
[Annotator "TA"]
[PlyCount "58"]
[EventDate "2022.04.12"]
[EventType "swiss"]
[EventCountry "MEX"]
[SourceTitle "playchess.com"]
[Source "ChessBase"]
[SourceQuality "1"]
[TimeControl "5400+30"]

1. Nf3 {[%emt 0:00:03] Milov,V} c5 2. c4 g6 3. g3 Bg7 4. Bg2 Nc6 5. O-O d6 6. Nc3 e6 7. e3 Nge7 8. d4 O-O 9. d5 {[%emt 0:07:03] 9.Re1 is the modern continuation. A37: Symmetrical English vs ...g6: 4 Bg2 Bg7 5 Nf3.} Na5 10. Nd2 exd5 11. cxd5 {[%emt 0:04:50] White has an edge.} Nf5 {[%emt 0:03:04] [#]} 12. g4 $146 (12. Rb1 $14 {stays ahead.}) ({Predecessor:} 12. Nb3) 12... Nh4 $17 13. h3 f5 14. f4 fxg4 15. hxg4 Nxg2 16. Kxg2 Qh4 17. Rh1 Qxg4+ 18. Qxg4 Bxg4 19. Nb5 Rae8 20. Re1 {[%emt 0:11:44] [#]} Rxf4 $3 {[%emt 0:04:23][%mdl 512] ...Rff8 is the strong threat.} 21. Nxd6 Re7 {[%emt 0:01:10][%cal Be8e7,Be7g7,Bg7g6][%mdl 32] Threatens to win with ...Rf6.} 22. Kg3 Rb4 {[%emt 0:04:47] And now ...Be5+ would win.} 23. a3 (23. e4 $142 h5 24. Nf3) 23... Be5+ 24. Kh4 $2 {[%emt 0:02:45] [#]} (24. Kg2 $19 Ra4 25. N6e4) 24... g5+ {[%emt 0:01:20] Black mates.} 25. Kxg5 Rg7+ 26. Kh4 Bd7+ {[%emt 0:00:50] This bishop pair is nice.} 27. axb4 Bg3+ 28. Kh5 Bg4+ 29. Kh6 Rg6# {[%emt 0:00:07] Weighted Error Value: White=0.91/Black=0.12 (very precise)} 0-1

[Event "67th Mexican-ch Open 2022"]
[Site "Chihuahua"]
[Date "2022.04.14"]
[Round "3.18"]
[White "Kowalski Davila, Emilio Luis"]
[Black "Capo Vidal, Uriel"]
[Result "1-0"]
[ECO "D31"]
[WhiteElo "1735"]
[BlackElo "2306"]
[Annotator "TA"]
[PlyCount "115"]
[EventDate "2022.04.12"]
[EventType "swiss"]
[EventCountry "MEX"]
[SourceTitle "playchess.com"]
[Source "ChessBase"]
[SourceQuality "1"]
[TimeControl "5400+30"]

1. d4 d5 2. c4 e6 3. Nc3 a6 4. e3 Nf6 5. Nf3 Be7 6. b3 {[%emt 0:00:56] D31: Queen's Gambit Declined: Semi-Slav without ...Nf6 (+ Marshall Gambit and Noteboom) and Exchange Variation lines without ...Nf6.} b6 7. Bd3 Bb7 8. O-O {[%emt 0:00:37] White has an edge.} Nbd7 9. Bb2 O-O 10. Re1 {[%emt 0:01:28] [#]} Ne4 $146 ({Predecessor:} 10... c5 11. Rc1 Rc8 12. Qe2 Bd6 13. cxd5 Nxd5 14. Nxd5 exd5 15. dxc5 Nxc5 16. Bf5 Rc7 17. Bd4 b5 18. b4 Ne4 19. Bb6 Qe7 20. Bxc7 Bxc7 {½-½ (44) Chernov,I (2073)-Okrugin,A (2061) Zelenograd 2012}) 11. Qc2 f5 12. Ne2 Bd6 13. Ne5 Rf6 (13... Qe7 $14) 14. Bxe4 ({White should try} 14. cxd5 $16 exd5 15. f3) 14... fxe4 $11 15. c5 bxc5 16. Nxd7 {[%emt 0:00:35][%mdl 64] [#] Remove Defender} Qxd7 (16... Bxh2+ $1 $11 17. Kxh2 Rh6+ 18. Kg1 Qh4) 17. dxc5 $18 Be7 18. Bxf6 Bxf6 19. Rac1 {[%emt 0:00:23] c6 is the strong threat.} c6 20. Red1 Qe8 21. Ng3 (21. b4 $142) 21... a5 22. f3 exf3 23. gxf3 Bc8 24. Kg2 Rb8 25. a4 (25. Rg1 $14) 25... e5 $11 26. Kf2 (26. e4 $11 {remains equal.} d4 27. Rb1) 26... Qe6 (26... Bg5 $17 {And now ...Qf7 would win.} 27. Qc3 Bh3) 27. Rb1 $15 Rb4 {[%emt 0:00:32][%mdl 1024] Black has compensation.} 28. e4 Qh3 29. Kg1 d4 30. Qd3 (30. Qg2 $11) 30... Bg5 $17 31. Kh1 Be3 {[%emt 0:00:54] Prevents Rg1.} (31... g6 $5 ) 32. Rb2 h5 {[%emt 0:03:07] [#] aiming for ...h4.} 33. Qf1 Qxf1+ (33... h4 $17 34. Qxh3 Bxh3) 34. Nxf1 $11 Bg5 35. Kg2 Be6 36. Rdb1 h4 37. Kf2 (37. h3 $11) 37... Kf7 (37... Bf4 $1 $15 {should be considered.}) 38. Ke2 Be7 (38... Bf4 $15 {stays ahead.}) 39. Nd2 $16 Bc8 40. Nc4 Ba6 41. Rc2 Ke6 42. Kd2 Bg5+ 43. Kd3 (43. Kd1 $16 Bd8 44. Kc1) 43... Be7 44. h3 Bxc5 45. Kd2 Be7 $2 (45... Rb8 $11 {and Black is okay.}) 46. Nxa5 $18 Bg5+ (46... c5 $142 47. Rg1 c4 48. Rxg7 Bf6) 47. Ke1 Rb6 48. Rxc6+ Rxc6 49. Nxc6 {[%emt 0:00:16][%mdl 4096] Endgame Threatens to win with b4. KRN-KB} Bf4 (49... Kd6 $142 50. Nb4 Bc8) 50. Nb4 Bg3+ 51. Kd2 Bf4+ 52. Kd1 Bf1 53. Kc2 Be2 54. a5 Bxf3 55. Kd3 Bh5 56. a6 Be8 57. a7 Bb5+ 58. Kc2 {[%emt 0:13:22] Weighted Error Value: White=0.19 (very precise) /Black=0.55} 1-0

[Event "67th Mexican-ch Open 2022"]
[Site "Chihuahua"]
[Date "2022.04.14"]
[Round "3.19"]
[White "Tapie Amione, Pablo Adib"]
[Black "Contreras Frias, Gabriel"]
[Result "1-0"]
[ECO "B07"]
[WhiteElo "2241"]
[BlackElo "1771"]
[Annotator "TA"]
[PlyCount "59"]
[EventDate "2022.04.12"]
[EventType "swiss"]
[EventCountry "MEX"]
[SourceTitle "playchess.com"]
[Source "ChessBase"]
[SourceQuality "1"]
[TimeControl "5400+30"]

1. e4 d6 2. d4 Nf6 3. Nc3 g6 4. h3 Bg7 5. Be3 Nbd7 6. Nge2 {[%emt 0:04:49] B07: Pirc Defence: Miscellaneous Systems.} O-O 7. g4 {[%emt 0:00:48] [#]} b5 $146 ({Predecessor:} 7... c5 8. Bg2 cxd4 9. Bxd4 Ne5 10. O-O Nc4 11. g5 Nh5 12. Bxg7 Nxg7 13. b3 Nb6 {½-½ (63) Brandenburg,D (2538)-Vovk,A (2551) Shenzhen 2011}) 8. a3 {[%emt 0:01:08] The position is equal.} c5 9. Bg2 {[%emt 0:02:04][%cal Oe4e5] [#] e5! is the strong threat.} Bb7 10. Ng3 (10. O-O $5 ) 10... a6 11. O-O {[%emt 0:09:26][%cal Oe4e5] Black must now prevent e5!} Qc7 12. g5 Ne8 13. Nce2 (13. Nd5 $5 Qd8 14. c3 $11) 13... Nb6 14. b3 a5 (14... cxd4 $15 15. Bxd4 Bxd4 16. Qxd4 Ng7) 15. Qd2 b4 (15... f5 $11) 16. Rfc1 (16. axb4 $14 axb4 17. Rxa8 Bxa8 18. f4) 16... Nd7 (16... bxa3 $11 17. Rxa3 a4) 17. c3 bxa3 (17... bxc3 $1 $11 {remains equal.} 18. Qxc3 (18. Nxc3 cxd4 19. Bxd4 Bxd4 $11) (18. Rxc3 Qb8 $11) 18... cxd4 19. Nxd4 (19. Qxc7 Nxc7 20. Bxd4 Rfc8 $15) 19... Qxc3 20. Rxc3 f5 21. gxf6 (21. exf5 Bxg2 22. Kxg2 gxf5 $11) 21... Bxf6) 18. Rxa3 $16 c4 19. Qa2 Nb6 20. Rb1 Rb8 $2 {[%emt 0:05:56] [#]} (20... Ba6 $16 {is a better defense.}) 21. Rxa5 $18 Ra8 $2 (21... e5 22. dxe5 Nd7 23. bxc4 dxe5) 22. d5 $2 (22. Rxa8 $18 {has better winning chances.} Bxa8 23. bxc4) 22... Rxa5 $16 23. Qxa5 Nd7 (23... Nxd5 $16 24. Qxc7 Ndxc7) 24. Qb5 Nc5 25. b4 ({Weaker is} 25. bxc4 Ba6 26. Qb4 f6 $18) 25... Ba6 26. Qc6 Qxc6 27. dxc6 Nb3 28. Bb6 {[%emt 0:01:07] Prevents Nc7.} d5 (28... h6 {was necessary.} 29. h4 hxg5 30. hxg5 Bh8) 29. Bd8 $18 e6 30. exd5 {[%emt 0:00:22] Weighted Error Value: White=0.48/Black=0.48} 1-0

[Event "67th Mexican-ch Open 2022"]
[Site "Chihuahua"]
[Date "2022.04.14"]
[Round "3.20"]
[White "Serrato, Rafael Antonio"]
[Black "Hernandez Guerrero, Eduardo"]
[Result "0-1"]
[ECO "A45"]
[WhiteElo "1707"]
[BlackElo "2232"]
[Annotator "ChessBase"]
[PlyCount "62"]
[EventDate "2022.04.12"]
[EventType "swiss"]
[EventCountry "MEX"]
[SourceTitle "playchess.com"]
[Source "ChessBase"]
[SourceQuality "1"]
[TimeControl "5400+30"]

1. d4 Nf6 2. Bf4 e6 3. e3 b6 4. Qf3 d5 5. Nd2 Bb7 6. Bd3 c5 7. c3 Nbd7 8. Qh3 Ne4 9. f3 Nxd2 10. Kxd2 a6 11. Ne2 g5 12. Bg3 h5 13. Bf2 Nf6 14. g3 Bg7 15. Qg2 Qe7 16. e4 g4 17. e5 gxf3 18. Qxf3 Ne4+ 19. Bxe4 dxe4 20. Qe3 cxd4 21. cxd4 Qb4+ 22. Kc2 Rc8+ 23. Kb1 Bh6 24. Nf4 Bxf4 25. gxf4 Rg8 26. Rc1 Rxc1+ 27. Kxc1 Rg2 28. h4 Qb5 29. Qe1 e3 30. Qxe3 Qf1+ 31. Be1 Re2 0-1